 Dungeon Crawl Stone Soup version 0.23.2-30-g0e89c35649 (webtiles) character file.

Game seed: 9847957746651757854

3273 lepoulpe303 the Ruffian (level 9, -3/88 (89) HPs)
             Began as a Troll Monk on June 21, 2019.
             Was an Elder of Cheibriados.
             Slain by Snorg (20 damage)
             ... on level 10 of the Dungeon.
             The game lasted 00:20:04 (6333 turns).

lepoulpe303 the Ruffian (Troll Monk)                Turns: 6333, Time: 00:20:04

HP:   -3/88 (89)    AC:  7    Str: 32    XL:     9   Next: 68%
MP:   10/11         EV: 13    Int: 18    God:    Cheibriados [****..]
Gold: 324           SH:  4    Dex: 22    Spells: 8/8 levels left

rFire    . . .     SeeInvis .     - Unarmed
rCold    . . .     Gourm    +   (no shield)
rNeg     . . .     Faith    .   a - +0 robe
rPois    .         Spirit   .   (helmet restricted)
rElec    .         Reflect  +   q - +0 cloak
rCorr    .         Harm     .   (gloves unavailable)
MR       .....                  (boots unavailable)
Stlth    ++........             D - +4 amulet of reflection
HPRegen  0.64/turn              w - +3 ring of intelligence
MPRegen  0.12/turn              (no ring)

@: very slow
A: large, unfitting armour, claws 3, fast metabolism 3, gourmand, regeneration
1, shaggy fur 1, tough skin 3
a: Bend Time, Temporal Distortion, Slouch, Renounce Religion


You were on level 10 of the Dungeon.
You worshipped Cheibriados.
Cheibriados was greatly pleased with you.
You were not hungry.

You visited 2 branches of the dungeon, and saw 11 of its levels.

You collected 324 gold pieces.

Inventory:

Missiles
 u - 7 javelins
 z - 53 poisoned needles
 Q - 168 stones (quivered)
Armour
 a - a +0 robe (worn)
 q - a +0 cloak (worn)
Jewellery
 w - a +3 ring of intelligence (left claw)
 D - a +4 amulet of reflection (around neck)
 G - an uncursed amulet of guardian spirit {Spirit}
Wands
 C - a wand of disintegration (11)
Scrolls
 b - 2 scrolls of teleportation {unknown}
 c - 4 scrolls of fear {unknown}
 d - 2 scrolls of immolation {unknown}
 h - 2 scrolls of amnesia {unknown}
 i - 8 scrolls of identify
 p - 3 scrolls of magic mapping {unknown}
 r - 3 scrolls of blinking {unknown}
 s - 3 scrolls of remove curse {unknown}
 t - a scroll of summoning {unknown}
 x - a scroll of enchant armour {unknown}
 y - a scroll of random uselessness {unknown}
 A - a scroll of enchant weapon {unknown}
Potions
 f - 3 potions of curing {unknown}
 g - 2 potions of haste {unknown}
 j - a potion of invisibility {unknown}
 k - a potion of brilliance {unknown}
 l - a potion of might {unknown}
 m - 3 potions of lignification {unknown}
 n - 2 potions of heal wounds {unknown}
 o - a potion of agility {unknown}
 v - a potion of mutation {unknown}
Comestibles
 e - 17 rations
 B - 3 chunks of flesh


   Skills:
 * Level 6.2 Fighting
 + Level 4.2 Throwing
 + Level 3.8 Armour
 + Level 4.7 Dodging
 - Level 1.0 Stealth
 * Level 7.6 Unarmed Combat
 * Level 4.0 Invocations


You had 8 spell levels left.
You didn't know any spells.
Your spell library contained the following spells:

 Spells                   Type           Power        Failure   Level  Hunger
 Magic Dart               Conj           #...         22%         1    ##.....
 Blink                    Tloc           N/A          32%         2    ###....
 Call Imp                 Summ           #.......     32%         2    ###....
 Slow                     Hex            #.......     32%         2    ###....
 Conjure Flame            Conj/Fire      #.......     54%         3    ####...
 Mephitic Cloud           Conj/Pois/Air  #.......     54%         3    ####...


Dungeon Overview and Level Annotations

Branches:
Dungeon (10/15)            Temple (1/1) D:5
   Lair: D:8-11         Orc: D:9-12

Altars:
Ashenzari
Cheibriados
Elyvilon
Fedhas
Gozag
Hepliaklqana
Kikubaaqudgha
Makhleb
Nemelex Xobeh
Okawaru
Qazlal
Ru
Sif Muna
Trog
Uskayaw
Vehumet
Wu Jian
Xom
Yredelemnul
Zin
The Shining One

Annotations:
D:10 Snorg


Innate Abilities, Weirdness & Mutations

You are too large for most types of armour.
You have claws for hands.
Your metabolism is lightning-fast.
You like to eat raw meat.
Your natural rate of healing is unusually fast.
You are covered in fur. (AC +1)
You have extremely tough skin. (AC +3)


Message History

* * * LOW HITPOINT WARNING * * *
The orc closely misses you.
You take 42 damage, and have 15/88 hp.
MASSIVE DAMAGE!!
The crimson imp barely misses you. The crimson imp closely misses you.
The worker ant zombie bites you but does no damage.
The crimson imp hits you but does no damage.
The worker ant zombie bites you.
* * * LOW HITPOINT WARNING * * *
You take 1 damage, and have 15/88 hp.
Snorg goes berserk!
The crimson imp blinks!
The orc wizard gestures wildly while chanting.
The orc wizard blinks!
Snorg rages.
Snorg rages. x2
The orc priest calls upon Beogh to heal something.
The worker ant zombie barely misses you.
Snorg bites you but does no damage. Snorg claws you!!
You die...

... #...)................(..
....#)[.........###.........
.....<........### #........=
.....)........#####.........
....................>.......
..............#.....o.......
................5....)......
....#............T?..)......
######..........@Zo§........
#######................
#................
#................
#...............#
#.....$..........
##..............
##.....#.....#


You could see Snorg (berserk), an orc priest, a crimson imp, an orc and a worker
ant zombie.

Levels and vault maps discovered:
D:1:      co_arrival_square_in_a_square_in_a_square, layout_loops_ring
D:2:      layout_loops_ring, overflow_temple_1_default
D:3:      layout_loops_corners, nicolae_overflow_hidden_temple
D:4:      layout_basic, uniq_blork_the_orc, uniq_crazy_yiuf_cottage
D:5:      layout_basic, lemuel_temple_firewalk_b, first_ration,
          serial_park_tiny_1, grunt_gozag_breadcrumbs
D:6:      layout_cave_pools, old_standard_altar, regret_index_temple_of_mockery,
          serial_bayou_pond_d, grunt_ministairs_3
D:7:      layout_loops_ring, minmay_misc_feat_encased, uniq_prince_ribbit1
D:8:      layout_basic, lemuel_crystal_altar
D:9:      gammafunk_jiyva_shrine, layout_basic, serial_shops, shop,
          gammafunk_ghost_hydra_chop
D:10:     cheibrodos_frozen_isle, layout_rooms, serial_shops,
          nicolae_shop_temple_entry_statues_fountains, enter_bailey_2,
          grunt_ogre_cave, uniq_snorg
Temple:   nicolae_temple_elliptical

Notes
Turn   | Place    | Note
-------+----------+-------------------------------------------
     0 | D:1      | lepoulpe303 the Troll Monk began the quest for the Orb.
     0 | D:1      | Reached XP level 1. HP: 22/22 MP: 0/0
   128 | D:1      | Identified a +0 spear
   129 | D:1      | Reached XP level 2. HP: 29/29 MP: 1/1
   144 | D:1      | Identified a +0 club
   311 | D:1      | Identified a +2 dagger of speed
   330 | D:1      | Identified a +0 dagger
   441 | D:1      | Reached XP level 3. HP: 36/36 MP: 2/2
   509 | D:1      | Identified a +2 short sword of venom
   907 | D:2      | Found a blossoming altar of Fedhas.
  1053 | D:2      | lepoulpe303: !whcihgod trmo
  1053 | D:2      | lepoulpe303: !whichgod trmo
  1053 | D:2      | meem: 109 recent wins for trmo: 24x Okawaru, 13x Ru, 13x
                  | Cheibriados, 12x Jiyva, 10x The Shining One, 9x
                  | Yredelemnul, 5x Qazlal, 5x Hepliaklqana, 5x Makhleb, 3x
                  | Ashenzari, 3x Wu Jian, 3x Elyvilon, 2x Uskayaw, Trog, Sif
                  | Muna
  1053 | D:2      | lepoulpe303: !whichgod trfi
  1053 | D:2      | meem: 126 recent wins for trfi: 39x Cheibriados, 32x
                  | Okawaru, 9x The Shining One, 7x Ru, 6x Jiyva, 5x Wu Jian,
                  | 4x Makhleb, 4x Yredelemnul, 3x Hepliaklqana, 3x Uskayaw, 3x
                  | Ashenzari, 2x, 2x Nemelex Xobeh, 2x Qazlal, Trog, Zin, Xom,
                  | Elyvilon, Gozag
  1244 | D:2      | Identified a +0 dagger
  1408 | D:3      | Identified a +0 dagger
  1408 | D:3      | Identified a +0 leather armour
  1410 | D:3      | Identified a +0 club
  1411 | D:3      | Identified a +0 flail
  1411 | D:3      | Identified a +0 dagger
  1411 | D:3      | Identified a +0 leather armour
  1413 | D:3      | Identified a +0 short sword
  1489 | D:3      | Identified a +0 dagger
  1570 | D:3      | Reached XP level 4. HP: 44/44 MP: 3/3
  1658 | D:3      | Identified a +0 dagger
  1663 | D:3      | Reached skill level 1 in Throwing
  1668 | D:3      | Identified a +0 flail
  1668 | D:3      | Identified a +0 leather armour
  1682 | D:3      | Reached skill level 3 in Fighting
  1682 | D:3      | Reached skill level 1 in Armour
  1963 | D:3      | Found a hide-covered altar of Uskayaw.
  2024 | D:3      | Reached skill level 4 in Unarmed Combat
  2024 | D:3      | Reached XP level 5. HP: 28/53 MP: 4/4
  2128 | D:3      | Identified a +0 dagger
  2128 | D:3      | Identified a +0 hunting sling
  2506 | D:4      | Reached skill level 3 in Dodging
  2541 | D:4      | Identified a +0 hand axe of chopping
  2541 | D:4      | Identified a +0 robe
  2541 | D:4      | Noticed Blork the orc
  2541 | D:4      | Identified a +0 giant spiked club
  2541 | D:4      | Noticed an ogre
  2556 | D:4      | Killed Blork the orc
  2556 | D:4      | Reached XP level 6. HP: 55/61 MP: 5/5
  2621 | D:4      | Reached skill level 2 in Throwing
  2764 | D:4      | Identified a +0 giant spiked club
  2776 | D:4      | Reached skill level 4 in Fighting
  2776 | D:4      | Reached skill level 2 in Armour
  2776 | D:4      | Reached skill level 5 in Unarmed Combat
  2776 | D:4      | Reached XP level 7. HP: 24/70 MP: 6/6
  3251 | D:4      | Found a runed translucent door.
  3252 | D:4      | Identified a +4 quarterstaff of chaos
  3252 | D:4      | Identified a +0 cloak
  3252 | D:4      | Noticed Crazy Yiuf
  3257 | D:4      | Killed Crazy Yiuf
  3316 | D:5      | Entered Level 5 of the Dungeon
  3509 | D:5      | Identified 3 scrolls of identify
  3509 | D:5      | Identified an amulet of guardian spirit (You found it on
                  | level 4 of the Dungeon)
  3511 | D:5      | Identified a ring of intelligence (You found it on level 5
                  | of the Dungeon)
  3521 | D:5      | Identified a +0 hand axe
  3522 | D:5      | Identified a +0 dagger
  3522 | D:5      | Identified a +0 leather armour
  3821 | D:5      | Found an opulent altar of Gozag.
  3945 | D:5      | Reached XP level 8. HP: 76/78 MP: 7/7
  4214 | D:5      | Found a staircase to the Ecumenical Temple.
  4223 | Temple   | Entered the Ecumenical Temple
  4372 | Temple   | Became a worshipper of Cheibriados the Contemplative
  4372 | Temple   | Reached * piety under Cheibriados
  4372 | Temple   | Reached ** piety under Cheibriados
  4597 | D:6      | Identified a +0 giant spiked club
  4605 | D:6      | Reached skill level 3 in Throwing
  4605 | D:6      | Reached skill level 6 in Unarmed Combat
  4697 | D:6      | Reached skill level 1 in Invocations
  4837 | D:6      | Reached skill level 5 in Fighting
  4848 | D:6      | Found a sacrificial altar of Ru.
  4848 | D:6      | Identified a +0 spear
  4848 | D:6      | Identified a cursed -1 spear
  4855 | D:6      | Identified a +0 flail
  4860 | D:6      | Identified a +0 flail
  4895 | D:6      | You fall through a shaft for 2 floors!
  4965 | D:8      | Identified a +0 dagger
  4965 | D:8      | Identified a +0 ring mail
  4972 | D:8      | Identified a +0 morningstar
  4972 | D:8      | Identified a +0 leather armour
  4972 | D:8      | Identified a cursed -1 flail
  4974 | D:8      | Reached skill level 3 in Armour
  4983 | D:8      | Reached skill level 4 in Dodging
  5055 | D:8      | Identified a +0 dagger
  5059 | D:8      | Identified a +0 club
  5059 | D:8      | Identified a +0 blowgun
  5060 | D:8      | Identified a +0 giant spiked club
  5061 | D:8      | Identified a +0 scimitar
  5061 | D:8      | Identified a +0 robe
  5064 | D:8      | Reached skill level 2 in Invocations
  5065 | D:8      | Identified a +0 dagger
  5065 | D:8      | Identified a +0 battleaxe
  5065 | D:8      | Identified a +0 robe
  5074 | D:8      | Identified a +0 club
  5074 | D:8      | Identified a cursed -2 blowgun
  5074 | D:8      | Identified a +0 dagger
  5175 | D:8      | Identified a +0 battleaxe
  5175 | D:8      | Identified a +0 robe
  5175 | D:8      | Identified a cursed +0 flail
  5175 | D:8      | Identified a +0 robe
  5277 | D:8      | Identified a +0 giant club
  5277 | D:8      | Identified a +0 giant club
  5277 | D:8      | Noticed a two-headed ogre
  5327 | D:7      | Reached *** piety under Cheibriados
  5327 | D:7      | Reached XP level 9. HP: 82/87 MP: 9/9
  5364 | D:7      | Identified a +0 giant spiked club
  5392 | D:7      | Identified a +0 shortbow
  5442 | D:6      | Identified a cursed -3 club
  5442 | D:6      | Identified a +0 leather armour
  5442 | D:6      | Identified a +0 club
  5442 | D:6      | Identified a +0 flail
  5451 | D:6      | Reached skill level 7 in Unarmed Combat
  5451 | D:6      | Reached skill level 3 in Invocations
  5687 | D:6      | Found a shimmering altar of Xom.
  5688 | D:6      | Found a hazy altar of Hepliaklqana.
  5689 | D:6      | Noticed a spectral ugly thing
  5813 | D:7      | Identified a +2 dagger of speed
  5813 | D:7      | Identified a +0 robe
  5835 | D:7      | Identified a +0 flail
  5835 | D:7      | Identified a +0 ring mail
  5836 | D:7      | Noticed Prince Ribbit
  5836 | D:7      | Identified a +2 war axe of flaming
  5836 | D:7      | Identified a +0 robe
  5845 | D:7      | Killed Prince Ribbit
  5953 | D:7      | Identified a +0 flail
  5956 | D:7      | Identified a +0 whip
  5959 | D:7      | Identified a +0 mace
  5959 | D:7      | Identified a +0 scale mail
  5962 | D:7      | Identified a +0 club
  5965 | D:7      | Identified a +0 shortbow
  5972 | D:7      | Reached skill level 6 in Fighting
  5972 | D:7      | Reached skill level 4 in Throwing
  6045 | D:7      | Identified a cursed +5 long sword
  6045 | D:7      | Identified a +0 robe
  6046 | D:7      | Identified a +0 falchion
  6046 | D:7      | Identified a +0 robe
  6057 | D:7      | Identified a +4 dagger
  6057 | D:7      | Identified a +0 robe
  6082 | D:7      | Identified a +0 dagger
  6224 | D:7      | You fall through a shaft for 3 floors!
  6224 | D:10     | Entered Level 10 of the Dungeon
  6225 | D:10     | Identified a +0 flail
  6225 | D:10     | Identified a +0 hand axe
  6225 | D:10     | Identified a +0 short sword
  6225 | D:10     | Identified a cursed +0 ring mail
  6227 | D:10     | Identified a +0 ring mail
  6229 | D:10     | Identified a +0 dagger
  6229 | D:10     | Identified a +0 robe
  6276 | D:9      | Identified an amulet of reflection (You found it on level
                  | 10 of the Dungeon)
  6290 | D:10     | Reached **** piety under Cheibriados
  6311 | D:10     | Identified a +2 dagger of speed
  6311 | D:10     | Identified a +0 robe
  6311 | D:10     | Identified a +0 dagger
  6311 | D:10     | Identified a +0 robe
  6314 | D:10     | Identified a +0 mace of crushing
  6314 | D:10     | Identified a +0 plate armour
  6318 | D:10     | Identified a +0 short sword
  6321 | D:10     | Noticed Snorg
  6322 | D:10     | Identified a +0 flail
  6322 | D:10     | Identified a +0 leather armour
  6329 | D:10     | Reached skill level 4 in Invocations
  6329 | D:10     | HP: 15/88 [orc priest/divine providence (15)]
  6333 | D:10     | Slain by Snorg

Table legend:
 A = Turns spent in this place as a percentage of turns spent in the entire game.
 B = Non-inter-level travel turns spent in this place as a percentage of non-inter-level travel turns spent in the entire game.
 C = Inter-level travel turns spent in this place as a percentage of turns spent in this place.
 D = Turns resting spent in this place as a percentage of non-inter-level travel turns spent in this place.
 E = Turns spent auto-exploring this place as a percentage of non-inter-level travel turns spent in this place.
 F = Non-inter-level travel turns spent in this place divided by the number of levels of this place that you've seen.
                   A       B       C       D       E      F
               +-------+-------+-------+-------+-------+----------------------
         Total | 100.0 | 100.0 |   3.9 |   7.0 |  70.8 | 553.4
       Dungeon |  97.3 |  97.8 |   3.3 |   7.1 |  70.2 | 595.5
        Temple |   2.7 |   2.2 |  24.1 |   0.0 |  97.7 | 132.0
               +-------+-------+-------+-------+-------+----------------------

Table legend:
 A = Kills in this place as a percentage of kills in entire the game.
 B = Kills by you in this place as a percentage of kills by you in the entire game.
 C = Kills by friends in this place as a percentage of kills by friends in the entire game.
 D = Other kills in this place as a percentage of other kills in the entire game.
 E = Experience gained in this place as a percentage of experience gained in the entire game.
 F = Experience gained in this place divided by the number of levels of this place that you have seen.
                   A       B       C       D       E      F
               +-------+-------+-------+-------+-------+----------------------
         Total | 100.0 | 100.0 |   N/A |   N/A | 100.0 | 425.1
       Dungeon | 100.0 | 100.0 |   N/A |   N/A | 100.0 | 467.6
               +-------+-------+-------+-------+-------+----------------------

Skill      XL: |  1  2  3  4  5  6  7  8  9 |
---------------+----------------------------+-----
Throwing       | 1 2 3 4 |  4.2
Fighting       | 3 4 5 6 |  6.2
Armour         | 1 2 3 |  3.8
Unarmed Combat | 4 5 6 7 |  7.6
Dodging        | 3 4 |  4.7
Invocations    | 2 4 |  4.0
Stealth        | |  1.0

Action                   |  1- 3 |  4- 6 |  7- 9 || total
-------------------------+-------+-------+-------++-------
Melee: Unarmed           |    67 |    95 |   251 ||   413
       Punch             |     1 |       |     8 ||     9
Throw: Stone             |    84 |    71 |   162 ||   317
  Use: Scroll            |       |       |     2 ||     2
 Stab: Sleeping          |     1 |       |     1 ||     2
  Eat: Chunk             |    15 |    16 |    25 ||    56
Armor: Robe              |    18 |    32 |    74 ||   124
Dodge: Dodged            |    27 |    38 |   158 ||   223
Block: Other             |       |       |     7 ||     7

Vanquished Creatures
  Prince Ribbit (D:7)
  2 hungry ghosts
  3 sky beasts
  A black bear (D:6)
  An orc warrior (D:10)
  2 ice beasts
  A necrophage (D:5)
  5 ogres
  2 centaurs (D:7)
  A big kobold (D:8)
  Blork the orc (D:4)
  A bullfrog (D:6)
  2 scorpions
  7 wights
  2 crimson imps
  A centaur zombie (D:10)
  2 bullfrog skeletons
  3 hounds
  A jelly (D:7)
  Crazy Yiuf (D:4)
  3 orc priests
  3 orc wizards
  2 iguanas
  5 worker ants
  9 gnolls
  7 adders
  2 shadow imps (D:5)
  An ooze (D:3)
  An adder skeleton (D:6)
  3 worms
  A dart slug (D:3)
  3 leopard geckos
  23 orcs
  A ball python (D:8)
  10 bats
  4 giant cockroaches
  A hobgoblin (D:1)
  12 jackals
  13 kobolds
  4 quokkas
  3 frilled lizards
  8 goblins
  5 rats
164 creatures vanquished.
